 Dungeon Crawl Stone Soup version 0.27.1-34-g3ba077fa99 (webtiles) character file.

Game seed: 1505349124666874264

1390 cbfl8 the Skirmisher (level 8, -1/71 HPs)
             Began as a Minotaur Delver on Jan 22, 2022.
             Slain by an ogre (27 damage)
             ... on level 6 of the Dungeon.
             The game lasted 00:16:28 (5211 turns).

cbfl8 the Skirmisher (Minotaur Delver)              Turns: 5211, Time: 00:16:28

Health: -1/71      AC: 11    Str: 18    XL:     8   Next: 40%
Magic:  7/7        EV:  7    Int:  9    God:
Gold:   226        SH:  3    Dex: 11    Spells: 6/7 levels left

rFire    + + .     SeeInvis .   G - +3 hand axe
rCold    x . .     Faith    .   D - +0 buckler {rF+}
rNeg     . . .     Spirit   .   z - +0 chain mail
rPois    .         Reflect  .   (helmet restricted)
rElec    .         Harm     .   M - +0 cloak
rCorr    .         Rampage  .   (no gloves)
Will     .....                  F - +0 pair of boots
Stlth    ..........             i - amulet of regeneration
HPRegen  1.21/turn              I - ring of fire
MPRegen  0.10/turn              (no ring)

@: no status effects
A: horns 2, retaliatory headbutt
a: no special abilities


You were on level 6 of the Dungeon.
You visited 1 branch of the dungeon, and saw 6 of its levels.

You collected 226 gold pieces.

Inventory:

Hand Weapons
 a - a +0 hand axe
 c - a +0 hunting sling
 j - a +0 shortbow
 l - a +2 quarterstaff of draining
 E - a +2 dagger of venom
 G - a +3 hand axe (weapon)
 L - a +3 quarterstaff of chaos
 N - a +2 mace of protection
 O - a +0 antimagic mace
Missiles
 e - 28 poisoned darts
 k - 62 arrows
 m - 151 stones (quivered)
 q - 25 sling bullets
 y - 23 bolts
 A - 2 boomerangs
Armour
 b - a +0 leather armour
 z - a +0 chain mail (worn)
 D - a +0 buckler of fire resistance (worn)
 F - a +0 pair of boots (worn)
 M - a +0 cloak (worn)
Magical Staves
 r - a staff of conjuration
Jewellery
 i - an amulet of regeneration (around neck)
 I - a ring of fire (left hand)
Wands
 g - a wand of digging (2)
 o - a wand of flame (29)
 K - a wand of polymorph (10)
Scrolls
 d - a scroll of magic mapping
 h - 2 scrolls of amnesia {unknown}
 n - 7 scrolls of identify {unknown}
 s - a scroll of enchant weapon {unknown}
 u - a scroll of immolation {unknown}
 v - 2 scrolls of vulnerability {unknown}
 B - a scroll of noise {unknown}
 H - 5 scrolls of teleportation {unknown}
 J - 3 scrolls of holy word {unknown}
 P - a scroll of fear
 Q - 2 scrolls of fog
Potions
 f - 2 potions of haste
 p - a potion of heal wounds {unknown}
 t - a potion of degeneration {unknown}
 w - 2 potions of mutation {unknown}
 x - a potion of attraction {unknown}
 C - 2 potions of curing {unknown}


   Skills:
 + Level 6.4 Fighting
 + Level 4.6 Axes
 + Level 6.3 Staves
 + Level 4.1 Armour
 + Level 3.6 Dodging
 + Level 6.1 Stealth
 + Level 0.2 Shields
 + Level 0.2 Evocations


You had 6 spell levels left.
You knew the following spells:

 Your Spells              Type           Power      Damage    Failure   Level
a - Magic Dart            Conj           0%         1d3       100%        1

Your spell library contained the following spells:

 Spells                   Type           Power      Damage    Failure   Level
 Beastly Appendage        Tmut           0%         N/A       100%        1
 Foxfire                  Conj/Fire      0%         2x1d4     100%        1
 Sandblast                Erth           0%         2d4       100%        1
 Call Imp                 Summ           0%         N/A       100%        2
 Passwall                 Tmut/Erth      0%         N/A       100%        2
 Wereblood                Tmut           0%         N/A       100%        2
 Conjure Flame            Conj/Fire      0%         6-21      100%        3
 Inner Flame              Hex/Fire       0%         N/A       100%        3
 Mephitic Cloud           Conj/Pois/Air  0%         N/A       100%        3
 Spider Form              Tmut/Pois      0%         N/A       100%        3
 Lee's Rapid Deconstruct  Erth           0%         3d5*      100%        5


Dungeon Overview and Level Annotations

Branches:
Dungeon (6/15)
 Temple: D:4-7

Altars:
Kikubaaqudgha

Shops:
D:6 (


Innate Abilities, Weirdness & Mutations

You have a pair of horns on your head.
You reflexively headbutt those who attack you in melee.


Message History

The centaur skeleton is moderately damaged.
The centaur skeleton closely misses you.
You furiously retaliate!
You headbutt the centaur skeleton, but do no damage.
The centaur skeleton kicks you but does no damage.
The centaur skeleton hits you but does no damage.
The centaur skeleton kicks you but does no damage.
You slash the centaur skeleton! You headbutt the centaur skeleton.
The centaur skeleton is almost destroyed.
The centaur skeleton hits you. The centaur skeleton barely misses you.
Unknown command.
You slash the centaur skeleton!
You destroy the centaur skeleton!
You now have 226 gold pieces (gained 14).
Found a dagger.
o - a wand of flame (29) (gained 11 charges)
Found a potion of haste.
K - a wand of polymorph (10) (gained 9 charges)
An ogre comes into view. It is wielding a +0 giant spiked club.
The ogre shouts!
You hear a shout! x2
You see here a +0 dagger.
An electric eel comes into view.
The electric eel shoots out a bolt of lightning at you!
The bolt of electricity misses you.
The electric eel shoots out a bolt of lightning at you!
The bolt of electricity hits you.
You hit the ogre.
The ogre is lightly wounded.
The ogre hits you with a +0 giant spiked club!
You hit the ogre.
The ogre is lightly wounded.
The ogre hits you with a +0 giant spiked club!!
The electric eel shoots out a bolt of lightning at you!
The bolt of electricity hits you!
You hit the ogre. You headbutt the ogre.
The ogre is heavily wounded.
The electric eel shoots out a bolt of lightning at you!
The bolt of electricity hits you!
The ogre hits you with a +0 giant spiked club!!
You die...

#.....#.............##
#.............8..[.#
.....................#
.....................#
..##............>...##
. #.....#....#......#
....#####.###.....##
#...# ...# ##.#.)#
#... #... #@O..#
#.##......#
..................
.....!............
.≈.≈≈≈≈..≈.≈≈..;≈≈
≈≈≈≈≈≈≈≈≈≈≈≈≈≈;≈≈≈
≈≈≈≈≈≈≈≈≈≈≈≈;≈≈≈≈≈
≈≈≈≈≈≈≈≈≈≈≈≈≈≈≈≈≈≈
###############


You could see an ogre and an electric eel.

Vanquished Creatures
  An ice beast (D:6)
  An orc warrior (D:4)
  3 necrophages
  An ogre (D:6)
  A centaur (D:5)
  3 scorpions
  A water moccasin zombie (D:5)
  A water moccasin skeleton (D:5)
  2 hounds
  A human zombie (D:3)
  A bullfrog zombie (D:5)
  A centaur skeleton (D:6)
  Crazy Yiuf (D:2)
  A bullfrog skeleton (D:4)
  A jelly (D:4)
  An orc priest (D:4)
  Terence (D:3)
  Jessica (D:2)
  2 orc wizards (D:4)
  A hound skeleton (D:5)
  Robin (D:3)
  5 adders
  A worm (D:2)
  A dart slug (D:4)
  5 orcs
  7 ball pythons
  4 bats
  7 endoplasms
  17 goblins
  7 hobgoblins
  2 jackals (D:2)
  7 quokkas
  2 frilled lizards
  3 kobolds
95 creatures vanquished.

Vanquished Creatures (others)
  A human (D:3)
  A fungus (D:2)
2 creatures vanquished.

Grand Total: 97 creatures vanquished

Notes
Turn   | Place    | Note
-------+----------+-------------------------------------------
     0 | D:5      | cbfl8 the Minotaur Delver began the quest for the Orb.
     0 | D:5      | Reached XP level 1. HP: 19/19 MP: 0/0
    20 | D:5      | Noticed a centaur
    28 | D:5      | Killed a centaur
    29 | D:5      | Reached skill level 5 in Stealth
    29 | D:5      | Reached XP level 2. HP: 3/27 MP: 1/1
    29 | D:5      | Reached XP level 3. HP: 4/33 MP: 2/2
    29 | D:5      | Reached XP level 4. HP: 5/40 MP: 3/3
   154 | D:5      | Noticed a scorpion
   174 | D:5      | Killed a scorpion
   175 | D:5      | Reached skill level 1 in Armour
   196 | D:5      | Reached XP level 5. HP: 43/47 MP: 4/4
   273 | D:5      | Learned a level 1 spell: Magic Dart
   450 | D:5      | Reached XP level 6. HP: 52/55 MP: 5/5
   642 | D:5      | Reached skill level 1 in Staves
   676 | D:5      | Reached skill level 5 in Fighting
  1590 | D:4      | Reached XP level 7. HP: 61/61 MP: 6/6
  1605 | D:4      | Reached skill level 5 in Staves
  1785 | D:3      | Noticed Terence
  1792 | D:3      | Killed Terence
  1813 | D:3      | Noticed Jessica
  1822 | D:2      | Noticed Robin
  1863 | D:3      | Killed Robin
  1975 | D:3      | Found an ancient bone altar of Kikubaaqudgha.
  1976 | D:3      | Noticed a human
  1979 | D:3      | Killed a human
  2391 | D:2      | Killed Jessica
  2737 | D:2      | Found a runed translucent door.
  2738 | D:2      | Noticed Crazy Yiuf
  3140 | D:2      | Killed Crazy Yiuf
  3470 | D:1      | Reached XP level 8. HP: 70/70 MP: 7/7
  3721 | D:1      | Found a faded altar of an unknown god.
  5147 | D:6      | Found Nood's Weapon Boutique.
  5211 | D:6      | Slain by an ogre

Illustrated notes

Levels and vault maps discovered:
D:1:      dpeg_arrival_tiny_c, layout_basic,
          shapermc_ecumenical_altar_mp_highgroup
D:2:      layout_basic, kennysheep_generic_room_2, uniq_crazy_yiuf_cottage,
          uniq_robin
D:3:      layout_rooms, tgw_kikubaaqudgha, kennysheep_generic_room_7,
          uniq_terence, uniq_jessica
D:4:      layout_layer_cave
D:5:      layout_gridville, kennysheep_generic_room_9
D:6:      minmay_goblin_kobold_castle, layout_cave_pools, nicolae_stop_n_shop_2

Skill      XL: |  1  2  3  4  5  6  7  8 |
---------------+-------------------------+-----
Fighting       | 4 5 6 |  6.4
Stealth        | 5 6 |  6.1
Armour         | 1 2 3 4 |  4.1
Dodging        | 3 |  3.6
Staves         | 4 6 |  6.3
Axes           | 4 |  4.6
Shields        | |  0.2
Evocations     | |  0.2

Action                   |  1- 3 |  4- 6 |  7- 9 || total
-------------------------+-------+-------+-------++-------
Melee: Hand axe          |     5 |       |   136 ||   141
       Headbutt          |     1 |    15 |    27 ||    43
       Quarterstaff      |       |    84 |    67 ||   151
Evoke: Wand              |       |       |     1 ||     1
  Use: Scroll            |       |       |     2 ||     2
 Stab: Sleeping          |       |     3 |       ||     3
       Invisible         |       |       |     1 ||     1
Armor: Leather armour    |     3 |    19 |     1 ||    23
       Chain mail        |       |       |   139 ||   139
       Skin              |       |       |     5 ||     5
Dodge: Dodged            |     5 |    43 |    85 ||   133
Block: Buckler           |       |       |    17 ||    17
